 Dungeon Crawl Stone Soup version 0.27-a0-1191-g601b473118 (webtiles) character file.

Game seed: 11077339712225534107

2 HilariousDeathArtist the Digger (level 1, 0/13 HPs)
             Began as a Human Earth Elementalist on May 24, 2021.
             Slain by a quokka (2 damage)
             ... on level 1 of the Dungeon.
             The game lasted 00:00:38 (73 turns).

HilariousDeathArtist the Digger (HuEE)                Turns: 73, Time: 00:00:39

Health: 0/13       AC:  2    Str:  8    XL:     1   Next: 33%
Magic:  1/3        EV: 12    Int: 15    God:
Gold:   9          SH:  0    Dex: 13    Spells: 3/4 levels left

rFire    . . .     SeeInvis .   (no weapon)
rCold    . . .     Faith    .   (no shield)
rNeg     . . .     Spirit   .   c - +0 robe
rPois    .         Reflect  .   (no helmet)
rElec    .         Harm     .   (no cloak)
rCorr    .         Rampage  .   (no gloves)
Will     .....                  (no boots)
Stlth    ++........             (no amulet)
HPRegen  0.04/turn              (no ring)
MPRegen  0.08/turn              (no ring)

@: no status effects
A: no striking features
a: no special abilities


You were on level 1 of the Dungeon.
You visited 1 branch of the dungeon, and saw 1 of its levels.

You collected 9 gold pieces.

Inventory:

Missiles
 s - 25 stones
Armour
 c - a +0 robe (worn)
Potions
 a - a potion of resistance {unknown}
 b - a potion of lignification {unknown}


   Skills:
 - Level 2.0 Dodging
 - Level 2.0 Stealth
 + Level 2.1 Spellcasting
 - Level 1.0 Transmutations
 - Level 3.0 Earth Magic


You had 3 spell levels left.
You knew the following spells:

 Your Spells              Type           Power      Damage    Failure   Level
a - Sandblast             Erth           20%        2d7       6%          1

Your spell library contained the following spells:

 Spells                   Type           Power      Damage    Failure   Level
 Passwall                 Tmut/Erth      5%         N/A       14%         2
 Stone Arrow              Conj/Erth      12%        3d7       34%         3
 Petrify                  Tmut/Erth      7%         N/A       67%         4
 Lee's Rapid Deconstruct  Erth           5%         3d7*      87%         5


Dungeon Overview and Level Annotations

Branches:
Dungeon (1/15)

Altars:


Message History

Welcome, HilariousDeathArtist the Human Earth Elementalist.
Will you be the one to retrieve the fabled Orb of Zot from the depths?
Found a golden potion and 9 gold pieces.
Found a staircase leading out of the dungeon.
Clearing quiver.
a - a golden potion You now have 9 gold pieces.
b - a bubbling cyan potion A frilled lizard and a hobgoblin come into view.
A quokka comes into view.
The frilled lizard hisses angrily.
The hobgoblin shouts!
Aim: a frilled lizard (66% to hit)
The blast of sand hits the frilled lizard.
You kill the frilled lizard!
You now have 2/3 mp.
Aim: a hobgoblin (79% to hit)
The blast of sand hits the hobgoblin.
You now have 1/3 mp.
Aim: a hobgoblin (severely wounded, 79% to hit)
The blast of sand hits the hobgoblin!
You kill the hobgoblin!
You now have 0/3 mp.
The quokka twitches its whiskers.
The quokka bites you but does no damage.
You closely miss the quokka. The quokka bites you.
You take 4 damage, and have 9/13 hp.
MASSIVE DAMAGE!!
The quokka twitches its whiskers.
The quokka barely misses you. The quokka bites you.
You take 2 damage, and have 8/13 hp.
You see here a hobgoblin corpse.
Aim: a quokka (71% to hit)
The blast of sand misses the quokka.
The quokka barely misses you.
You now have 0/3 mp.
You don't have enough magic to cast this spell.
Unknown command.
The quokka closely misses you.
You see here a frilled lizard corpse.
Aim: a quokka (71% to hit)
The blast of sand hits the quokka.
The quokka bites you.
You take 3 damage, and have 5/13 hp.
MASSIVE DAMAGE!!
You now have 0/3 mp.
The quokka bites you but does no damage.
The quokka bites you but does no damage.
The quokka bites you.
* * * LOW HITPOINT WARNING * * *
You take 3 damage, and have 2/13 hp.
MASSIVE DAMAGE!!
The quokka bites you.
You die...

.# ### #.# ##############.#
#.# #............†.# #.#
###.........##†# #.#
#8.........8#.# #.#
#...8...8...#.####.#######
#8.........8#.@r..........
##.........######...######.
####8<8#### #.#........
##### #...######. #..##
#..# #..# #..# #..#


You could see a quokka.

Vanquished Creatures
  A hobgoblin (D:1)
  A frilled lizard (D:1)
2 creatures vanquished.

Notes
Turn   | Place    | Note
-------+----------+-------------------------------------------
     0 | D:1      | HilariousDeathArtist the Human Earth Elementalist began the
                  | quest for the Orb.
     0 | D:1      | Reached XP level 1. HP: 13/13 MP: 3/3
    68 | D:1      | HP: 2/13 [quokka (3)]
    73 | D:1      | Slain by a quokka

Illustrated notes

Levels and vault maps discovered:
D:1:      mrwooster_arrival_statue_2, layout_loops_ring, serial_shops, shop,
          hellmonk_ecumenical_altar_arch_garden, lexackson_kobold_supper

Action                   || total
-------------------------++-------
Melee: Unarmed           ||     1
 Cast: Sandblast         ||     5
Armor: Robe              ||     3
Dodge: Dodged            ||     3

Table legend: (Time is in decaauts)
 A = Elapsed time spent in this place.
 B = Non-inter-level travel time spent in this place.
 C = Inter-level travel time spent in this place.
 D = Time resting spent in this place.
 E = Time spent auto-exploring this place.
 F = Levels seen in this place.
 G = Mean time per level.
                   A        B        C        D        E       F      G
               +--------+--------+--------+--------+--------+-----+--------+
         Total |     73 |     73 |      0 |      0 |     19 |   1 |   73.0 |
       Dungeon |     73 |     73 |      0 |      0 |     19 |   1 |   73.0 |
               +--------+--------+--------+--------+--------+-----+--------+

Top non-repeatable levels by time:
     D:1: 73 daAuts

Table legend:
 A = Kills in this place as a percentage of kills in entire the game.
 B = Kills by you in this place as a percentage of kills by you in the entire game.
 C = Kills by friends in this place as a percentage of kills by friends in the entire game.
 D = Other kills in this place as a percentage of other kills in the entire game.
 E = Experience gained in this place as a percentage of experience gained in the entire game.
 F = Experience gained in this place divided by the number of levels of this place that you have seen.
                   A       B       C       D       E      F
               +-------+-------+-------+-------+-------+----------------------
         Total | 100.0 | 100.0 |   N/A |   N/A | 100.0 |   3.0
       Dungeon | 100.0 | 100.0 |   N/A |   N/A | 100.0 |   3.0
               +-------+-------+-------+-------+-------+----------------------
